 Dungeon Crawl Stone Soup version 0.29-a0-271-gd4eb659eea (webtiles) character file.

Game seed: 4406929867330366351

46279 flyleaff the Slicer (level 14, -3/90 HPs)
             Began as a Kobold Enchanter on Mar 8, 2022.
             Was a High Priest of Dithmenos.
             Slain by an entropy weaver simulacrum (36 damage)
             ... in an ice cave on Mar 9, 2022.
             The game lasted 01:29:59 (18089 turns).

flyleaff the Slicer (Kobold Enchanter)             Turns: 18089, Time: 01:30:00

Health: -3/90      AC: 16    Str: 11    XL:     14   Next: 75%
Magic:  25/25      EV: 23    Int: 17    God:    Dithmenos [*****.]
Gold:   1146       SH:  0    Dex: 20    Spells: 3/28 levels left

rFire   . . .      SeeInvis .   g - +2 rapier (speed)
rCold   . . .      Faith    .   (no shield)
rNeg    . . .      Spirit   .   d - +1 troll leather armour {Pargi}
rPois   .          Reflect  .   h - +0 hat
rElec   .          Harm     .   y - +1 cloak
rCorr   .          Rampage  .   n - +0 pair of gloves
Will    +....                   z - +2 pair of boots
Stlth   ++++++++++              L - amulet of magic regeneration
HPRegen 1.05/turn               b - +4 ring of protection
MPRegen 0.59/turn               c - +6 ring of strength

@: wreathed by umbra
A: small, no large weapons, nightstalker 3
a: Renounce Religion, Shadow Step, Shadow Form


You were in an ice cave.
You worshipped Dithmenos.
Dithmenos was extremely pleased with you.
You visited 3 branches of the dungeon, and saw 18 of its levels.
You also visited: Sewer and Ice Cave.

You collected 1146 gold pieces.

Inventory:

Hand Weapons
 g - a +2 rapier of speed (weapon)
Missiles
 j - an atropa-tipped dart
 D - a throwing net
 E - 9 curare-tipped darts
 G - 3 silver boomerangs
 N - a poisoned dart (quivered)
Armour
 d - a +1 troll leather armour (worn) {Pargi}
 h - a +0 hat (worn)
 n - a +0 pair of gloves (worn)
 y - a +1 cloak (worn)
 z - a +2 pair of boots (worn)
Jewellery
 b - a +4 ring of protection (left hand)
 c - a +6 ring of strength (right hand)
 J - a ring of flight
 L - an amulet of magic regeneration (around neck)
 M - a ring of resist corrosion
Wands
 e - a wand of iceblast (4)
 p - a wand of mindburst (16)
 F - a wand of acid (5)
 I - a wand of paralysis (18)
Scrolls
 f - 7 scrolls of teleportation
 l - 2 scrolls of magic mapping
 r - a scroll of summoning
Potions
 i - a potion of heal wounds
 m - 4 potions of brilliance
 o - 6 potions of curing
 q - 2 potions of magic
 s - 2 potions of might
 t - 5 potions of resistance
 v - a potion of ambrosia
 x - 3 potions of haste
 C - 3 potions of flight
 K - a potion of invisibility
Miscellaneous
 a - a condenser vane (inert)


   Skills:
 - Level 11.4 Fighting
 - Level 13.8 Short Blades
 - Level 2.0 Throwing
 - Level 6.1 Armour
 - Level 12.4 Dodging
 - Level 11.1 Stealth
 + Level 7.9 Spellcasting
 - Level 2.3 Conjurations
 - Level 7.2 Hexes
 - Level 2.2 Necromancy
 - Level 4.5 Translocations
 - Level 3.0 Transmutations
 - Level 6.1 Ice Magic


You had 3 spell levels left.
You knew the following spells:

 Your Spells              Type           Power      Damage    Failure   Level
a - Ensorcelled Hibernat  Hex/Ice        58%        N/A       1%          2
b - Confusing Touch       Hex            31%        N/A       1%          3
c - Magic Dart            Conj           56%        1d5       5%          1
d - Frozen Ramparts       Ice            54%        1d7       3%          3
e - Passage of Golubria   Tloc           22%        N/A       21%         4
f - Anguish               Hex/Necr       11%        N/A       19%         4
g - Yara's Violent Unrav  Hex/Tmut       12%        3d7       41%         5
h - Dazzling Flash        Conj/Hex       46%        N/A       5%          3

Your spell library contained the following spells:

 Spells                   Type           Power      Damage    Failure   Level
 Freeze                   Ice            100%       1d11      1%          1
 Tukima's Dance           Hex            31%        N/A       1%          3
 Searing Ray              Conj           28%        2d5       8%          2
 Static Discharge         Conj/Air       10%        N/A       13%         2
 Spider Form              Tmut/Pois      11%        N/A       22%         3
 Conjure Flame            Conj/Fire      10%        6-21      26%         3
 Ignite Poison            Fire/Tmut/Pois 10%        N/A       26%         3
 Fulminant Prism          Conj/Hex       11%        3d9       19%         4
 Hailstorm                Conj/Ice       21%        3d6       24%         4
 Iskenderun's Mystic Bla  Conj/Tloc      18%        2d6       32%         4
 Sticky Flame             Conj/Fire      10%        2d3       63%         4
 Blade Hands              Tmut           8%         N/A       71%         5
 Irradiate                Conj/Tmut      7%         3d15      77%         5
 Iskenderun's Battlesphe  Conj           14%        2d7       82%         5
 Fireball                 Conj/Fire      5%         3d5       93%         5
 Lightning Bolt           Conj/Air       5%         1d17      93%         5
 Conjure Ball Lightning   Conj/Air       5%         3x3d6     100%        6
 Starburst                Conj/Fire      5%         6d4       100%        6
 Dragon Form              Tmut           8%         N/A       100%        7
 Orb of Destruction       Conj           7%         9d6       100%        7
 Borgnjor's Revivificati  Necr           7%         N/A       100%        8
 Maxwell's Capacitive Co  Air            3%         ∞         100%        8
 Necromutation            Tmut/Necr      7%         N/A       100%        8
 Death's Door             Necr           7%         N/A       100%        9


Dungeon Overview and Level Annotations

Branches:
Dungeon (11/15)            Temple (1/1) D:5            Lair (6/6) D:8
  Swamp (0/4) Lair:4        Snake (0/4) Lair:3        Slime (0/5) Lair:5
  Sewer (visited)           IceCv (1/1)
    Orc: D:9-12

Altars:
Ashenzari
Cheibriados
Dithmenos
Elyvilon
Fedhas
Gozag
Hepliaklqana
Kikubaaqudgha
Makhleb
Nemelex Xobeh
Okawaru
Qazlal
Ru
Sif Muna
Trog
Uskayaw
Vehumet
Wu Jian
Xom
Yredelemnul
Zin
The Shining One


Innate Abilities, Weirdness & Mutations

You are small and have problems with some larger weapons.
You are completely attuned to the shadows.


Message History

b - a +4 ring of protection You're wearing all the rings you can.
Remove which one? (? for menu, Esc to cancel) < or
J - a ring of flight; > or
c - a +6 ring of strength You remove your ring of flight.
You float gracefully downwards.
b - a +4 ring of protection (left hand)
There is a frozen archway here.
The world spins around you as you enter the gateway.
You enter an ice cave!
Found an ice covered gate leading back out of this place.
There is an ice choked empty arch of ancient stone here.
An entropy weaver simulacrum comes into view.
The entropy weaver simulacrum hits you.
The entropy weaver simulacrum freezes you!!
The entropy weaver simulacrum hits you but does no damage.
The entropy weaver simulacrum completely misses you. x2
You puncture the entropy weaver simulacrum!
The entropy weaver simulacrum is moderately damaged.
Your shadow hits the entropy weaver simulacrum but does no damage.
You hit the entropy weaver simulacrum.
The entropy weaver simulacrum is heavily damaged.
You barely miss the entropy weaver simulacrum.
The entropy weaver simulacrum is heavily damaged.
Your shadow hits the entropy weaver simulacrum with a rapier.
The entropy weaver simulacrum hits you!
The entropy weaver simulacrum freezes you!
The entropy weaver simulacrum hits you but does no damage.
The entropy weaver simulacrum barely misses you.
The entropy weaver simulacrum completely misses you.
You hit the entropy weaver simulacrum but do no damage.
The entropy weaver simulacrum is heavily damaged.
Your shadow barely misses the entropy weaver simulacrum.
You puncture the entropy weaver simulacrum!
The entropy weaver simulacrum is almost destroyed.
You hit the entropy weaver simulacrum.
The entropy weaver simulacrum is almost destroyed.
Your shadow barely misses the entropy weaver simulacrum.
The entropy weaver simulacrum hits you.
The entropy weaver simulacrum freezes you!!!
You die...

## ##
..#####..
.........
#.Z.#
##@##
##.##
##...##
#..∩..#
##.∩.##
#####


You could see an entropy weaver simulacrum.

Vanquished Creatures
  Gastronok (Lair:2)
  A dire elephant (Lair:6)
  Josephine (Lair:5)
  5 hydras
  A boulder beetle (Lair:2)
  A catoblepas (Lair:6)
  The ghost of CowFu the Severer, a novice MiMo of Dithmenos (Lair:1)
  2 death yaks (Lair:6)
  Urug (Lair:5)
  Sonja (Lair:5)
  A spectral death yak (Lair:6)
  A spectral anaconda (Lair:6)
  A bog body (Lair:4)
  An obsidian statue (Lair:6)
  A necromancer (Lair:6)
  An oklob plant (Lair:4)
  5 elephants (Lair:6)
  Joseph (D:10)
  7 black mambas
  A gargoyle (D:8)
  8 cane toads
  12 komodo dragons
  A rime drake (Lair:2)
  3 trolls
  7 polar bears
  25 blink frogs
  5 wraiths
  50 yaks
  2 wyverns
  4 basilisks
  2 steam dragons
  A spectral cane toad (Lair:6)
  18 water moccasins
  5 orc warriors
  4 black bears
  Pargi (Sewer)
  2 ice beasts
  12 wolves
  An ogre (D:7)
  3 centaurs
  A kobold brigand (D:7)
  A gnoll sergeant (D:6)
  12 bullfrogs
  5 scorpions
  20 wights
  15 killer bees
  3 electric eels
  4 hounds
  6 orc priests
  A jelly (D:5)
  3 gnoll shamans
  4 iguanas
  8 orc wizards
  19 gnolls
  9 adders
  A shadow imp (D:5)
  A white imp (D:7)
  An ufetubus (D:5)
  A worm (D:3)
  A dart slug (D:3)
  30 orcs
  4 bats (D:3)
  8 endoplasms
  6 giant cockroaches
  4 hobgoblins
  7 jackals
  10 kobolds
  A quokka (D:3)
  8 ball pythons
  4 frilled lizards
  6 goblins
  6 rats
  A spectral kobold (D:9)
412 creatures vanquished.

Vanquished Creatures (collateral kills)
  A gnoll (D:6)
1 creature vanquished.

Vanquished Creatures (others)
  39 fungi
  47 plants
  6 withered plants (Lair:6)
92 creatures vanquished.

Grand Total: 505 creatures vanquished

Notes
Turn   | Place    | Note
-------+----------+-------------------------------------------
     0 | D:1      | flyleaff the Kobold Enchanter began the quest for the Orb.
     0 | D:1      | Reached XP level 1. HP: 10/10 MP: 3/3
   430 | D:1      | Reached skill level 2 in Short Blades
   430 | D:1      | Reached XP level 2. HP: 15/15 MP: 5/5
  1271 | D:2      | Reached XP level 3. HP: 19/19 MP: 6/6
  1301 | D:2      | Learned a level 2 spell: Ensorcelled Hibernation
  1305 | D:2      | Learned a level 3 spell: Confusing Touch
  1904 | D:2      | Reached skill level 3 in Short Blades
  2088 | D:2      | Found a sacrificial altar of Ru.
  2120 | D:2      | Reached XP level 4. HP: 24/24 MP: 6/8
  2202 | D:2      | Learned a level 3 spell: Dazzling Flash
  2683 | D:3      | Found a glowing drain.
  2692 | Sewer    | Entered a sewer
  2783 | Sewer    | Noticed Pargi
  2812 | Sewer    | Killed Pargi
  2813 | Sewer    | Reached skill level 4 in Short Blades
  2813 | Sewer    | Reached skill level 5 in Stealth
  2813 | Sewer    | Reached XP level 5. HP: 17/28 MP: 1/9
  3098 | D:3      | Reached skill level 5 in Short Blades
  3098 | D:3      | Reached XP level 6. HP: 32/32 MP: 7/10
  3184 | D:3      | Found a blossoming altar of Fedhas.
  3203 | D:3      | You fall into a shaft and drop 3 floors!
  3220 | D:6      | Identified the +1 robe of Sufficient Creativity {Dex+5}
  3317 | D:6      | Noticed an ice beast
  3318 | D:6      | Found a shimmering blue altar of Sif Muna.
  3327 | D:6      | Found a stormy altar of Qazlal.
  3843 | D:6      | Reached skill level 6 in Short Blades
  3878 | D:6      | Reached XP level 7. HP: 31/36 MP: 1/11
  4148 | D:5      | Entered Level 5 of the Dungeon
  4682 | D:3      | Identified a scroll of acquirement
  4682 | D:3      | Acquired a +0 rapier of speed
  5003 | D:4      | Noticed a wyvern
  5007 | D:4      | Killed a wyvern
  5008 | D:4      | Reached skill level 1 in Ice Magic
  5008 | D:4      | Reached XP level 8. HP: 41/41 MP: 10/13
  5594 | D:4      | Found an ancient bone altar of Kikubaaqudgha.
  5703 | D:5      | Found a staircase to the Ecumenical Temple.
  5709 | Temple   | Entered the Ecumenical Temple
  5750 | Temple   | Became a worshipper of Dithmenos the Shadowed
  6208 | D:5      | Reached skill level 7 in Short Blades
  6266 | D:5      | Noticed a troll
  6270 | D:5      | Killed a troll
  6535 | D:6      | Reached skill level 5 in Hexes
  6756 | D:6      | Reached XP level 9. HP: 45/45 MP: 3/14
  6966 | D:6      | Reached skill level 8 in Short Blades
  6975 | D:6      | Reached skill level 5 in Ice Magic
  6990 | D:6      | Reached * piety under Dithmenos
  7715 | D:7      | Reached skill level 1 in Fighting
  7933 | D:7      | Reached skill level 9 in Short Blades
  8144 | D:8      | Noticed a troll
  8149 | D:8      | Killed a troll
  8150 | D:8      | Reached XP level 10. HP: 56/56 MP: 16/16
  8179 | D:8      | Noticed a gargoyle
  8305 | D:8      | Learned a level 3 spell: Frozen Ramparts
  8352 | D:8      | Learned a level 4 spell: Anguish
  8438 | D:8      | Reached skill level 5 in Dodging
  8457 | D:8      | Reached ** piety under Dithmenos
  8477 | D:8      | Reached skill level 5 in Fighting
  8573 | D:8      | Reached skill level 10 in Short Blades
  8754 | D:8      | Killed a gargoyle
  9133 | D:8      | Found a staircase to the Lair.
  9629 | D:9      | Reached XP level 11. HP: 66/66 MP: 17/17
  9855 | D:9      | Found a hazy altar of Hepliaklqana.
 10067 | D:10     | Entered Level 10 of the Dungeon
 10127 | D:10     | Noticed Joseph
 10151 | D:10     | Killed Joseph
 10295 | D:10     | Reached *** piety under Dithmenos
 10555 | D:10     | Reached skill level 11 in Short Blades
 10911 | D:10     | Found a glowing silver altar of Zin.
 11146 | Lair:1   | Entered Level 1 of the Lair of Beasts
 11277 | Lair:1   | Reached skill level 10 in Dodging
 11363 | Lair:1   | Reached XP level 12. HP: 71/76 MP: 13/18
 11369 | Lair:1   | Reached **** piety under Dithmenos
 11566 | Lair:1   | Found a runed translucent door.
 11593 | Lair:1   | Noticed CowFu's ghost (novice MiMo)
 11609 | Lair:1   | Killed CowFu's ghost
 11610 | Lair:1   | Reached skill level 12 in Short Blades
 11760 | Lair:1   | Reached skill level 10 in Fighting
 12478 | Lair:2   | Noticed Gastronok
 12510 | Lair:2   | Killed Gastronok
 12685 | Lair:2   | Noticed a boulder beetle
 12733 | Lair:2   | Killed a boulder beetle
 12956 | Lair:2   | Reached skill level 13 in Short Blades
 13241 | Lair:2   | Reached XP level 13. HP: 84/84 MP: 19/19
 13621 | Lair:3   | Noticed a five-headed hydra
 13718 | Lair:3   | Reached skill level 5 in Spellcasting
 13744 | Lair:3   | Noticed a five-headed hydra
 13748 | Lair:3   | Killed a five-headed hydra
 13760 | Lair:3   | Killed a five-headed hydra
 13877 | Lair:3   | Reached skill level 10 in Stealth
 14062 | Lair:3   | Found a staircase to the Snake Pit.
 14848 | Lair:1   | Upgraded the game from 0.29-a0-270-g1586fc07ea to
                  | 0.29-a0-271-gd4eb659eea
 15068 | Lair:4   | Identified the +0 leather armour of the Lobster {Regen+}
 15152 | Lair:4   | Found a staircase to the Swamp.
 15231 | Lair:4   | Reached ***** piety under Dithmenos
 15329 | Lair:4   | Reached skill level 1 in Throwing
 15453 | Lair:4   | Reached skill level 1 in Conjurations
 15453 | Lair:4   | Reached skill level 1 in Necromancy
 15536 | Lair:4   | Identified the +6 quarterstaff of the Realm of Zot {freeze,
                  | rElec rC+}
 15548 | Lair:4   | Reached skill level 1 in Armour
 15906 | Lair:5   | Noticed Urug
 15911 | Lair:5   | Killed Urug
 15981 | Lair:5   | Learned a level 4 spell: Passage of Golubria
 15987 | Lair:5   | Learned a level 5 spell: Yara's Violent Unravelling
 15989 | Lair:5   | Learned a level 1 spell: Magic Dart
 15990 | Lair:5   | Noticed Sonja
 15994 | Lair:5   | Killed Sonja
 16019 | Lair:5   | Noticed Josephine
 16025 | Lair:5   | Killed Josephine
 16099 | Lair:5   | Noticed a four-headed hydra
 16114 | Lair:5   | Killed a four-headed hydra
 16115 | Lair:5   | Reached skill level 1 in Translocations
 16227 | Lair:5   | Reached skill level 1 in Transmutations
 16432 | Lair:5   | Reached XP level 14. HP: 85/90 MP: 24/24
 16579 | Lair:5   | Found a staircase to the Slime Pits.
 16887 | Lair:6   | Entered Level 6 of the Lair of Beasts
 17142 | Lair:6   | Reached skill level 5 in Armour
 17495 | Lair:6   | Noticed a dire elephant
 17498 | Lair:6   | Noticed a dire elephant
 17507 | Lair:6   | Killed a dire elephant
 17786 | Lair:6   | Noticed a dire elephant
 17786 | Lair:6   | Noticed a dire elephant
 17786 | Lair:6   | Noticed a dire elephant
 18062 | D:11     | Found a frozen archway.
 18078 | IceCv    | Entered an ice cave
 18089 | IceCv    | Slain by an entropy weaver simulacrum

Illustrated notes

Levels and vault maps discovered:
D:1:      psy_arrival_basics, layout_loops_corners, grunt_decor_mini_mirrors,
          minmay_fountain_box, bh_walls_and_bars
D:2:      layout_loops_corners, basic_altar, kennysheep_another_room
D:3:      layout_loops_cross, fedhas_altar_2, cheibrodos_sewer_entry_sluice
D:4:      layout_rooms, mainiacjoe_overflow_concentric_impassable
D:5:      cheibrodos_iron_armory, layout_cave_pools, minmay_temple_entry_fiery
D:6:      layout_gridville, nicolae_overflow_squiral, kennysheep_generic_room_11
D:7:      layout_rooms
D:8:      layout_layer_cave, grunt_lair_entry_orc_guard_hut
D:9:      layout_roguey, nicolae_hepliaklqana_monster_ancestors
D:10:     layout_basic, lemuel_tele_altar, uniq_joseph
D:11:     layout_irregular_city, erik_orc_3, portal_ice_cave_entry_pillars_1,
          uniq_harold
Temple:   nicolae_temple_elliptical
Lair:1:   layout_loops_ring, ebering_ghost_reflecting_pool, guppyfry_lair_drakes
Lair:2:   layout_cave_pods, grunt_megastairs_3, uniq_gastronok
Lair:3:   beast_lair_carwin_large_2, layout_regular_city,
          minmay_snake_entry_six_corridors, ldierk_geyser, columned_hall_lemuel,
          serial_bayou_pond_d
Lair:4:   layout_roguey, skrybe_swamp_entry_bodies, serial_bayou_shore_a
Lair:5:   layout_regular_city, slime_dummy, grunt_megastairs_1, uniq_josephine,
          uniq_sonja, uniq_urug
Lair:6:   due_jungle_book, layout_regular_city, grunt_megastairs_2
IceCv:    ice_cave_hellmonk_azure_passage

Skill      XL: |  1  2  3  4  5  6  7  8  9 10 11 12 13 14 |
---------------+-------------------------------------------+-----
Short Blades   | 2 3 4 5 6 7 9 10 11 13 | 13.8
Stealth        | 5 6 7 8 11 | 11.1
Spellcasting   | 3 4 7 |  7.9
Hexes          | 4 5 6 7 |  7.2
Ice Magic      | 1 4 6 |  6.1
Fighting       | 3 6 9 11 | 11.4
Dodging        | 3 7 10 12 | 12.4
Throwing       | 2 |  2.0
Conjurations   | 2 |  2.3
Necromancy     | 2 |  2.2
Armour         | 3 6 |  6.1
Translocations | 1 4 |  4.5
Transmutations | 1 3 |  3.0

Action                   |  1- 3 |  4- 6 |  7- 9 | 10-12 | 13-15 || total
-------------------------+-------+-------+-------+-------+-------++-------
Melee: Dagger            |    85 |    59 |    66 |       |     1 ||   211
       Rapier            |       |       |   238 |   561 |   613 ||  1412
       Punch             |       |       |    11 |     9 |     8 ||    28
Throw: Dart              |     4 |     1 |     5 |     7 |     2 ||    19
       Throwing net      |       |       |       |     1 |       ||     1
 Cast: Ensorcelled Hiber |     4 |    14 |    39 |    17 |    17 ||    91
       Confusing Touch   |       |     1 |    14 |    22 |     9 ||    46
       Frozen Ramparts   |       |       |       |    27 |    16 ||    43
Invok: Shadow Step       |       |       |       |       |     1 ||     1
Evoke: Wand              |       |       |     2 |     5 |     8 ||    15
       Condenser vane    |       |       |       |       |     1 ||     1
  Use: Potion            |     1 |     1 |     2 |     3 |     4 ||    11
       Scroll            |       |     5 |    10 |     6 |     6 ||    27
 Stab: Sleeping          |    17 |    10 |    50 |    25 |    39 ||   141
       Distracted        |     1 |       |     1 |     3 |     1 ||     6
       Invisible         |       |     1 |       |     3 |       ||     4
       Confused          |       |       |     9 |    24 |    15 ||    48
Armor: Robe              |     9 |    11 |       |       |       ||    20
       Troll leather arm |       |     3 |    72 |    47 |    58 ||   180
Dodge: Dodged            |    49 |    43 |   165 |   271 |   276 ||   804

Table legend: (Time is in decaauts)
 A = Elapsed time spent in this place.
 B = Non-inter-level travel time spent in this place.
 C = Inter-level travel time spent in this place.
 D = Time resting spent in this place.
 E = Time spent auto-exploring this place.
 F = Levels seen in this place.
 G = Mean time per level.
                   A        B        C        D        E       F      G
               +--------+--------+--------+--------+--------+-----+--------+
         Total |  17220 |  16175 |   1045 |    526 |  11950 |  20 |  861.0 |
       Dungeon |  10410 |   9911 |    499 |    359 |   7221 |  11 |  946.4 |
        Temple |    228 |    224 |      4 |      0 |    202 |   1 |  228.0 |
          Lair |   6251 |   5710 |    541 |     88 |   4387 |   6 | 1041.8 |
         Sewer |    322 |    322 |      0 |     79 |    138 |   1 |  322.0 |
      Ice Cave |      7 |      7 |      0 |      0 |      0 |   1 |    7.0 |
               +--------+--------+--------+--------+--------+-----+--------+

Top non-repeatable levels by time:
     D:6: 1921 daAuts
     D:2: 1371 daAuts
  Lair:2: 1327 daAuts
     D:1: 1234 daAuts
  Lair:3: 1141 daAuts
  Lair:1: 1113 daAuts
  Lair:5: 1015 daAuts
    D:10: 1002 daAuts
     D:8: 969 daAuts
     D:9: 920 daAuts
     D:3: 901 daAuts
  Lair:4: 895 daAuts
     D:4: 785 daAuts
  Lair:6: 757 daAuts
     D:7: 667 daAuts
